 Dungeon Crawl Stone Soup version 0.31-a0-692-gf03d1854d5 (webtiles) character file.

Game seed: 10679722241818069819

205 qw the Shooter (level 5, 0/32 HPs)
             Began as a Gargoyle Hunter on Sept 6, 2023.
             Slain by an orc wizard
             ... wielding a +0 dagger
              (1 damage)
             ... on level 5 of the Dungeon.
             The game lasted 00:01:04 (2434 turns).

qw the Shooter (Gargoyle Hunter)                    Turns: 2434, Time: 00:01:05

Health: 0/32       AC: 12    Str: 14    XL:     5   Next: 83%
Magic:  5/5        EV: 11    Int: 10    God:
Gold:   246        SH:  0    Dex: 15    Spells: 4/4 levels left

rFire   . . .        h - +2 shortbow (heavy)
rCold   . . .        (shield currently unavailable)
rNeg    + . .        e - +0 ring mail
rPois   inf          k - +1 helmet
rElec   +            (no cloak)
rCorr   .            c - +0 pair of gloves
SInv    .            (no boots)
Will    .....        (no amulet)
Stlth   +            (no ring)
HPRegen 0.25/turn    (no ring)
MPRegen 0.09/turn

%: no passive effects
@: about to teleport
A: sickness immunity, AC +4, negative energy resistance 1, electricity
resistance, torment resistance 1, petrification resistance
a: no special abilities


You were on level 5 of the Dungeon.
You visited 1 branch of the dungeon, and saw 5 of its levels.

You collected 246 gold pieces.


Innate Abilities, Weirdness & Mutations

You are immune to sickness and miasma.
Your stone body is resilient. (AC +4)
You are immune to poison.
You resist negative energy. (rN+)
You are resistant to electric shocks. (rElec)
You are resistant to unholy torment.
You are immune to petrification.


   Skills:
 + Level 3.5 Fighting
 - Level 6.1 Ranged Weapons
 - Level 1.3 Armour
 - Level 1.5 Dodging
 - Level 1.1 Stealth


You had 4 spell levels left.
You didn't know any spells.
Your spell library was empty.

Inventory:

Hand Weapons
 h - a +2 heavy shortbow (weapon)
Armour
 c - a +0 pair of gloves (worn)
 e - a +0 ring mail (worn)
 k - a +1 helmet (worn)
Scrolls
 a - a scroll of teleportation
 g - a scroll of identify
Potions
 b - a potion of heal wounds
 d - 2 potions of haste
 f - a potion of brilliance {unknown}
 i - a potion of berserk rage {unknown}
 j - a potion of might

Dungeon Overview and Level Annotations

Branches:
Dungeon (5/15)             Temple (0/1) D:5

Altars:

Shops:
D:1 :   D:3 (


Message History

You shoot an arrow. The arrow hits the orc!
You kill the orc!
A puff of flame appears from out of thin air!
The puff of flame hits you!
2413 ||| FLEEEEING.
2414 ||| FLEEEEING.
You hear some strange, mumbled words.
Something tries to affect you, but you resist.
2415 ||| FLEEEEING.
2416 ||| FLEEEEING.
A puff of flame appears from out of thin air!
The puff of flame hits you.
2417 ||| FLEEEEING.
2418 ||| FLEEEEING.
2419 ||| FLEEEEING.
2420 ||| FLEEEEING.
2421 ||| STILL FLEEEEING.
2422 ||| STILL FLEEEEING.
2423 ||| STILL FLEEEEING.
2424 ||| STILL FLEEEEING.
2425 ||| FLEEEEING.
2426 ||| FLEEEEING.
You are confused.
You shoot an arrow.
You hear some strange, mumbled words.
Something tries to affect you, but you resist.
You hear some strange, mumbled words.
Something tries to affect you, but you resist.
You hear some strange, mumbled words.
A puff of flame appears from out of thin air!
The puff of flame hits you!
You feel less confused.
You hear some strange, mumbled words.
A magic dart appears from out of thin air!
The magic dart hits you! The orc barely misses you.
2434 ||| READING 2 scrolls of teleportation.
As you read the scroll of teleportation, it crumbles to dust.
You feel strangely unstable. Something hits you.
You die...

### ..## ##.######
#......##################
##.##...........@{oo.....########
..###.#.##.......o...oo.........#
?## #.#.##.#############.######.#
.# #.#.##.# #o# #.# #####.#.##.#
#.# #.# ###.....##.# #####{# #.#
....###.##.# #.(...######.# ....#
#....# #.###oo...##..
###.###.##.# #....o....####


You could see 5 orcs.

Vanquished Creatures
  A scorpion (D:4)
  4 adders
  3 worms (D:2)
  2 dart slugs
  8 orcs
  8 ball pythons
  10 endoplasms
  6 giant cockroaches
  11 hobgoblins
  2 kobolds
  4 quokkas
  6 bats
  3 frilled lizards
  9 goblins
  8 rats
85 creatures vanquished.

Notes
Turn   | Place    | Note
-------+----------+-------------------------------------------
     0 | D:1      | qw the Gargoyle Hunter began the quest for the Orb.
     0 | D:1      | Reached XP level 1. HP: 12/12 MP: 1/1
     0 | D:1      | 0 ||| qw: Version: 0.3-a-76-g4403597
     0 | D:1      | 0 ||| qw: Game counter: 153
     0 | D:1      | 0 ||| qw: Melee chars always use a shield: true
     0 | D:1      | 0 ||| qw: God list: Okawaru
     0 | D:1      | 0 ||| qw: Allow faded altars: false
     0 | D:1      | 0 ||| qw: Do Orc after clearing Dungeon:15 true
     0 | D:1      | 0 ||| qw: Do second Lair branch before Depths: true
     0 | D:1      | 0 ||| qw: Lair rune preference: random
     0 | D:1      | 0 ||| qw: Goals: Normal
     0 | D:1      | 0 ||| PLANNING D:1-11
    39 | D:1      | Reached XP level 2. HP: 17/17 MP: 2/2
   255 | D:1      | Reached XP level 3. HP: 20/21 MP: 3/3
   298 | D:1      | Reached skill level 5 in Ranged Weapons
   442 | D:1      | Found Opoynuqa's Book Shoppe.
   455 | D:1      | 455 ||| READING scroll labelled JAB RURUILITU.
   641 | D:1      | 641 ||| READING 2 scrolls labelled WEPUTO TASUU.
   642 | D:1      | 642 ||| READING scroll labelled FUUSSENUSI.
   643 | D:1      | 643 ||| READING scroll labelled EFYREH KEUP.
   644 | D:1      | 644 ||| READING scroll labelled OZIF MONGOIVOF.
   645 | D:1      | 645 ||| DRINKING 2 black potions.
   646 | D:1      | 646 ||| DROPPING scroll of poison.
   647 | D:1      | 647 ||| DROPPING scroll of butterflies.
   663 | D:2      | Found a faded altar of an unknown god.
   685 | D:2      | Reached skill level 3 in Fighting
   686 | D:2      | Reached XP level 4. HP: 28/28 MP: 4/4
  1277 | D:2      | 1277 ||| UPGRADING to +0 ring mail.
  1287 | D:2      | 1287 ||| DROPPING +0 leather armour.
  1288 | D:2      | 1288 ||| DRINKING 3 purple potions.
  1289 | D:2      | 1289 ||| DRINKING 2 fuming cyan potions.
  1290 | D:2      | 1290 ||| DROPPING 2 potions of magic.
  1305 | D:3      | 1305 ||| STAIRDANCE
  1310 | D:3      | 1310 ||| STAIRDANCE
  1347 | D:3      | Reached skill level 1 in Armour
  1360 | D:3      | Found Beant's Weapon Boutique.
  1874 | D:3      | 1874 ||| UPGRADING to +0 pair of gloves.
  1879 | D:3      | 1879 ||| READING 2 scrolls labelled MAPTIONAKKE.
  1880 | D:3      | 1880 ||| DROPPING scroll of revelation.
  1972 | D:4      | Reached XP level 5. HP: 32/32 MP: 5/5
  1992 | D:4      | 1992 ||| READING scroll of enchant weapon.
  1992 | D:4      | 1992 ||| ENCHANTING +1 heavy shortbow.
  2014 | D:4      | Reached skill level 6 in Ranged Weapons
  2073 | D:4      | 2073 ||| FLEEEEING.
  2075 | D:4      | 2075 ||| FLEEEEING.
  2076 | D:4      | 2076 ||| FLEEEEING.
  2077 | D:4      | 2077 ||| FLEEEEING.
  2078 | D:4      | 2078 ||| FLEEEEING.
  2083 | D:4      | 2083 ||| FLEEEEING.
  2084 | D:4      | 2084 ||| FLEEEEING.
  2085 | D:4      | 2085 ||| FLEEEEING.
  2271 | D:4      | 2271 ||| READING scroll labelled UTULUT AQUTUBB.
  2272 | D:4      | 2272 ||| DRINKING 2 emerald potions.
  2294 | D:5      | Entered Level 5 of the Dungeon
  2400 | D:5      | Found a staircase to the Ecumenical Temple.
  2401 | D:5      | 2401 ||| PLANNING TEMPLE
  2401 | D:5      | 2401 ||| UPGRADING to +1 helmet.
  2409 | D:5      | Noticed a black bear
  2410 | D:5      | 2410 ||| RETREATING.
  2413 | D:5      | 2413 ||| FLEEEEING.
  2414 | D:5      | 2414 ||| FLEEEEING.
  2415 | D:5      | 2415 ||| FLEEEEING.
  2416 | D:5      | 2416 ||| FLEEEEING.
  2417 | D:5      | 2417 ||| FLEEEEING.
  2418 | D:5      | 2418 ||| FLEEEEING.
  2419 | D:5      | 2419 ||| FLEEEEING.
  2420 | D:5      | 2420 ||| FLEEEEING.
  2425 | D:5      | 2425 ||| FLEEEEING.
  2426 | D:5      | 2426 ||| FLEEEEING.
  2433 | D:5      | HP: 1/32 [something/magic dart (10)]
  2434 | D:5      | 2434 ||| READING 2 scrolls of teleportation.
  2434 | D:5      | Slain by an orc wizard

Levels and vault maps discovered:
D:1:      lemuel_arrival_rhombus, layout_basic, serial_shops,
          nicolae_book_shop_shelving, hangedman_decor_clover_reticule
D:2:      wander_river, layout_basic, nicolae_ecumenical_pavilion, st_stairs_8,
          dreamdust_wishing_well, serial_bayou_pond_d, minmay_statues_item
D:3:      layout_rooms, serial_aquarium, aquarium_bridge_long_joined
          [aquarium_subvault_wall, aquarium_subvault_wall,
          aquarium_subvault_bridge, aquarium_subvault_wall,
          aquarium_subvault_bridge, aquarium_subvault_wall],
          aquarium_window_fake, aquarium_window_1, aquarium_window_1,
          aquarium_view_2d, serial_shops, shop
D:4:      layout_basic
D:5:      layout_loops_ring, minmay_temple_entry_waves, serial_shops, shop,
          biasface_ghost_orc_armoury, minmay_door_square,
          uniq_crazy_yiuf_cottage

Skill      XL: |  1  2  3  4  5 |
---------------+----------------+-----
Ranged Weapons | 5 6 |  6.1
Fighting       | 3 |  3.5
Armour         | 1 |  1.3
Dodging        | |  1.5
Stealth        | |  1.1

Action                     |  1- 3 |  4- 6 || total
---------------------------+-------+-------++-------
   Fire: Shortbow          |    88 |   104 ||   192
    Use: Scroll            |     5 |     4 ||     9
         Potion            |     1 |     3 ||     4
 Armour: Leather armour    |    10 |     2 ||    12
         Ring mail         |       |    42 ||    42
  Dodge: Dodged            |    11 |    29 ||    40

Table legend:
 A = Non-vault XP
 B = Vault XP
 C = Vault XP percentage of total XP
 D = Non-vault monster count
 E = Vault monster count
 F = Vault count percentage of total count
                 A         B        C        D         E       F
            +---------+---------+-------+---------+---------+-------
      Total |     291 |       2 |   0.7 |      84 |       1 |   1.2
            +---------+---------+-------+---------+---------+-------
        D:1 |      52 |       0 |   0.0 |      31 |       0 |   0.0
        D:2 |      78 |       2 |   2.5 |      26 |       1 |   3.7
        D:3 |      26 |       0 |   0.0 |       8 |       0 |   0.0
        D:4 |     123 |       0 |   0.0 |      15 |       0 |   0.0
        D:5 |      12 |       0 |   0.0 |       4 |       0 |   0.0
            +---------+---------+-------+---------+---------+-------
